 Dungeon Crawl Stone Soup version 0.29-a0-998-g1987434951 (webtiles) character file.

Game seed: 3740360759674575504

35 Sabo the Digger (level 3, -1/19 HPs)
             Began as a Gargoyle Earth Elementalist on Aug 5, 2022.
             Slain by a gnoll
             ... wielding a +2 whip of venom
              (9 damage)
             ... on level 2 of the Dungeon.
             The game lasted 00:09:01 (2883 turns).

Sabo the Digger (Gargoyle Earth Elementalist)       Turns: 2883, Time: 00:09:01

Health: -1/19      AC:  5    Str: 11    XL:     3   Next: 33%
Magic:  6/6        EV: 12    Int: 17    God:
Gold:   68         SH:  0    Dex: 10    Spells: 5/6 levels left

rFire   . . .      SeeInvis .   d - +0 rapier
rCold   . . .      Faith    .   (no shield)
rNeg    + . .      Spirit   .   a - +0 robe
rPois   ∞          Reflect  .   (no helmet)
rElec   +          Harm     .   (no cloak)
rCorr   .          Rampage  .   (no gloves)
Will    .....                   (no boots)
Stlth   ++........              (no amulet)
HPRegen 0.06/turn               (no ring)
MPRegen 0.10/turn               (no ring)

@: no status effects
A: sickness immunity, AC +3, negative energy resistance 1, electricity
resistance, torment resistance 1, petrification resistance
a: no special abilities


You were on level 2 of the Dungeon.
You visited 1 branch of the dungeon, and saw 2 of its levels.

You collected 68 gold pieces.

Inventory:

Hand Weapons
 d - a +0 rapier (weapon)
 f - a +0 sling
Armour
 a - a +0 robe (worn)
Potions
 b - a potion of magic
 c - a potion of lignification {unknown}
 e - a potion of cancellation {unknown}


   Skills:
 + Level 0.1 Fighting
 + Level 0.4 Short Blades
 + Level 1.9 Dodging
 + Level 2.4 Stealth
 + Level 2.3 Spellcasting
 + Level 1.0 Transmutations
 + Level 4.2 Earth Magic


You had 5 spell levels left.
You knew the following spells:

 Your Spells              Type           Power      Damage    Failure   Level
a - Sandblast             Erth           32%        2d9       3%          1

Your spell library contained the following spells:

 Spells                   Type           Power      Damage    Failure   Level
 Passwall                 Tmut/Erth      8%         N/A       10%         2
 Stone Arrow              Conj/Erth      18%        3d8       24%         3
 Petrify                  Tmut/Erth      10%        N/A       54%         4


Dungeon Overview and Level Annotations

Branches:
Dungeon (2/15)

Altars:


Innate Abilities, Weirdness & Mutations

You are immune to sickness and miasma.
Your stone body is resilient. (AC +3)
You are immune to poison.
You resist negative energy. (rN+)
You are resistant to electric shocks. (rElec)
You are resistant to unholy torment.
You are immune to petrification.


Message History

The ball python barely misses you.
You climb upwards.
There is a stone staircase leading down here.
You completely miss the ball python. The ball python bites you.
The ball python grabs you. The ball python constricts you.
You closely miss the ball python. The ball python closely misses you.
The ball python constricts you.
The ball python bites you but does no damage.
The ball python constricts you.
You hit the ball python.
The ball python is severely wounded.
The ball python bites you. The ball python constricts you.
You barely miss the ball python.
The ball python is severely wounded.
The ball python barely misses you. The ball python constricts you.
You closely miss the ball python.
The ball python is severely wounded.
The ball python barely misses you. The ball python constricts you.
The ball python bites you but does no damage.
The ball python constricts you.
You barely miss the ball python.
The ball python is severely wounded.
The ball python closely misses you. The ball python constricts you.
You hit the ball python.
You kill the ball python!
You see here a ball python corpse.
You start resting.
HP restored.
You start waiting.
Done waiting.
There is a stone staircase leading down here.
You can't go up here!
You climb downwards.
The gnoll hits you with a +0 club. The endoplasm misses you.
A frilled lizard comes into view.
The gnoll hits you with a +2 whip of venom.
The endoplasm hits you. The gnoll hits you with a +0 club.
There is a stone staircase leading up here.
The gnoll hits you with a +2 whip of venom!
You die...

.$......##
.........####
..$........
.......#####
#..#......# #......#
#......#
##.J...##...
#.#@.......
#.g.g......
##...........#######
......#......S<...#
#.....###.#....gg..#
..$...# .#........#
l##.....
#...$.....g# g.
.......#..........#
............


You could see 3 gnolls, an endoplasm and a frilled lizard.

Vanquished Creatures
  6 ball pythons (D:1)
  5 bats (D:1)
  5 endoplasms (D:1)
  A giant cockroach (D:1)
  2 goblins (D:1)
  A hobgoblin (D:1)
  5 kobolds (D:1)
  2 quokkas (D:1)
  A frilled lizard (D:1)
  2 rats (D:1)
30 creatures vanquished.

Notes
Turn   | Place    | Note
-------+----------+-------------------------------------------
     0 | D:1      | Sabo the Gargoyle Earth Elementalist began the quest for
                  | the Orb.
     0 | D:1      | Reached XP level 1. HP: 10/10 MP: 3/3
    63 | D:1      | Reached skill level 1 in Transmutations
   755 | D:1      | Reached XP level 2. HP: 15/15 MP: 3/5
  1091 | D:1      | You fall into a shaft and drop 1 floor!
  1122 | D:1      | Reached skill level 4 in Earth Magic
  1768 | D:1      | Reached XP level 3. HP: 19/19 MP: 4/6
  2883 | D:2      | Slain by a gnoll

Illustrated notes

Levels and vault maps discovered:
D:1:      psy_arrival_heroes, layout_loops_ring
D:2:      layout_rooms, nicolae_ecumenical_lake_church,
          kennysheep_generic_room_2

Skill      XL: |  1  2 |
---------------+-------+-----
Transmutations | 1 |  1.0
Earth Magic    | 4 |  4.2
Fighting       | |  0.1
Short Blades   | |  0.4
Dodging        | |  1.9
Stealth        | |  2.4
Spellcasting   | |  2.3

Action                   || total
-------------------------++-------
Melee: Rapier            ||    42
 Cast: Sandblast         ||    26
Armor: Robe              ||    19
Dodge: Dodged            ||    35

Table legend: (Time is in decaauts)
 A = Elapsed time spent in this place.
 B = Non-inter-level travel time spent in this place.
 C = Inter-level travel time spent in this place.
 D = Time resting spent in this place.
 E = Time spent auto-exploring this place.
 F = Levels seen in this place.
 G = Mean time per level.
                   A        B        C        D        E       F      G
               +--------+--------+--------+--------+--------+-----+--------+
         Total |   2917 |   2917 |      0 |   1921 |      0 |   2 | 1458.5 |
       Dungeon |   2917 |   2917 |      0 |   1921 |      0 |   2 | 1458.5 |
               +--------+--------+--------+--------+--------+-----+--------+

Top non-repeatable levels by time:
     D:1: 2906 daAuts
     D:2: 11 daAuts
